 Dungeon Sprint DCSS version 0.27.1-33-g824d729ab1 (webtiles) character file.

Game seed: 5940939705256942667

9166 manyhoops the Ninja (level 11, -14/47 HPs)
             Began as a Spriggan Enchanter on Dec 6, 2021.
             Was the Champion of Dithmenos.
             Demolished by a 12-headed hydra (16 damage)
             ... in the Dungeon (Sprint I: "Red Sonja").
             The game lasted 00:07:06 (1866 turns).

manyhoops the Ninja (Spriggan Enchanter)            Turns: 1866, Time: 00:07:09

Health: -14/47     AC:  2    Str:  4    XL:     11   Next: 19%
Magic:  16/16      EV: 18    Int: 16    God:    Dithmenos [******]
Gold:   490        SH:  0    Dex: 26    Spells: 6/15 levels left

rFire    . . .     SeeInvis +   o - +3 quick blade
rCold    . . .     Faith    .   (shield restricted)
rNeg     . . .     Spirit   .   b - +0 robe
rPois    .         Reflect  .   (helmet restricted)
rElec    .         Harm     .   (no cloak)
rCorr    .         Rampage  .   (gloves unavailable)
Will     +....     NoTele   +   (boots unavailable) Stlth **********
                                (no amulet)
HPRegen  0.15/turn              p - +6 ring of dexterity
MPRegen  0.15/turn              (no ring)

@: wreathed by umbra, very quick
A: very small, no large weapons, unfitting armour, see invisible, speed 3
a: Renounce Religion, Shadow Step, Shadow Form


You were in the Dungeon.
You worshipped Dithmenos.
Dithmenos was exalted by your worship.
You visited 1 branch You collected 1680 gold pieces.
You spent 1190 gold pieces at shops.

Inventory:

Hand Weapons
 o - a +3 quick blade (weapon)
Missiles
 r - 17 poisoned darts
Armour
 b - a +0 robe (worn)
Jewellery
 p - a +6 ring of dexterity (left hand)
Wands
 g - a wand of flame (22)
Scrolls
 h - 2 scrolls of blinking
 j - a scroll of immolation
 k - 2 scrolls of identify
 l - a scroll of magic mapping
 m - a scroll of fear
 q - a scroll of holy word
Potions
 a - a potion of resistance
 c - 4 potions of curing
 d - 2 potions of heal wounds
 e - a potion of haste
 f - 2 potions of magic
 i - a potion of invisibility
 n - a potion of might


   Skills:
 + Level 18.3 Short Blades
 - Level 2.6 Dodging
 O Level 27 Stealth
 - Level 2.6 Spellcasting
 - Level 6.9 Hexes


You had 6 spell levels left.
You knew the following spells:

 Your Spells              Type           Power      Damage    Failure   Level
a - Corona                Hex            26%        N/A       1%          1
b - Ensorcelled Hibernat  Hex/Ice        26%        N/A       7%          2
c - Confusing Touch       Hex            24%        N/A       3%          3
d - Dazzling Flash        Conj/Hex       26%        N/A       14%         3

Your spell library contained the following spells:

 Spells                   Type           Power      Damage    Failure   Level
 Tukima's Dance           Hex            24%        N/A       3%          3
 Conjure Ball Lightning   Conj/Air       1%         3x3d6     100%        6
 Discord                  Hex            12%        N/A       100%        8
 Disjunction              Tloc           1%         N/A       100%        8


Dungeon Overview and Level Annotations

Branches:
Dungeon (1/1)

Altars:
Cheibriados
Dithmenos
Elyvilon
Fedhas
Gozag
Hepliaklqana
Kikubaaqudgha
Makhleb
Nemelex Xobeh
Okawaru
Qazlal
Ru
Sif Muna
Trog
Uskayaw
Vehumet
Wu Jian
Xom
Yredelemnul
Zin
The Shining One
Jiyva
Lugonu

Shops:
D ?(*==(**=!(((=([[


Innate Abilities, Weirdness & Mutations

You are very small and have problems with some larger weapons.
You are too small for most types of armour.
You have supernaturally acute eyesight. (SInv)
You cover ground extremely quickly. (Speed+++)


Message History

The hog is lightly wounded.
You hit the hog.
The hog is lightly wounded.
Your shadow hits the hog with a quick blade.
The hog bites you.
Casting: Confusing Touch (dangerous; 3% risk of failure)
Confirm with . or Enter, or press ? or * to list all spells.
Your hands begin to glow red.
The hog bites you.
You emit a cloud of dark smoke.
You hit the hog but do no damage.
The hog appears confused.
The hog is lightly wounded.
You hit the hog.
The hog is moderately wounded.
Your shadow hits the hog with a quick blade.
The hog bites you!
* * * LOW HITPOINT WARNING * * *
You emit a cloud of dark smoke.
You strike the helpless hog from behind!
You spit the hog like the proverbial pig!!!!
You kill the hog!
Dithmenos accepts your kill.
You see here a hog skeleton.
You start resting.
Magic restored.
You start resting.
HP restored.
There is an open door, spattered with blood here.
You see here a hog skeleton.
There is an open door, spattered with blood here.
You open the door.
A hydra and a floating eye come into view.
Found 54 gold pieces.
The 12-headed hydra roars!
The floating eye turns its gaze towards you.
The 12-headed hydra bites you! x2
The 12-headed hydra completely misses you.
The 12-headed hydra bites you. The 12-headed hydra bites you!
* * * LOW HITPOINT WARNING * * *
The 12-headed hydra bites you!
You die...

####################
§#..#.§§§'§§§§§§@D$#
.##'#.####§.§.§##$G+
.'..#÷# ##§.§## ###
##÷.'.# ###+#
##+#### # # ### '.#


You could see a 12-headed hydra and a floating eye.

Vanquished Creatures
  2 centaur warriors (D)
  Sonja (D)
  A deep troll (D)
  A lindwurm (D)
  An oklob plant (D)
  2 unseen horrors (D)
  4 demonic crawlers (D)
  2 kobold demonologists (D)
  A hornet (D)
  A slime creature (D)
  Sigmund (D)
  13 hogs (D)
  A yak (D)
  2 redbacks (D)
  2 floating eyes (D)
  7 necrophages (D)
  An ogre (D)
  8 jellies (D)
  Ijyb (D)
  A ballistomycete spore (D)
53 creatures vanquished.

Vanquished Creatures (others)
  A gargoyle (D)
  A ballistomycete spore (D)
2 creatures vanquished.

Grand Total: 55 creatures vanquished

Notes
Turn   | Place    | Note
-------+----------+-------------------------------------------
     0 | D        | manyhoops the Spriggan Enchanter began the quest for the
                  | Orb.
     0 | D        | Reached XP level 1. HP: 9/9 MP: 5/5
     1 | D        | Noticed Ijyb
     9 | D        | Killed Ijyb
    10 | D        | Reached skill level 10 in Stealth
    10 | D        | Reached XP level 2. HP: 13/13 MP: 6/6
    62 | D        | Noticed an ogre
    73 | D        | Learned a level 2 spell: Ensorcelled Hibernation
    81 | D        | Killed an ogre
    82 | D        | Reached skill level 14 in Stealth
    82 | D        | Reached XP level 3. HP: 16/16 MP: 2/8
    82 | D        | Reached XP level 4. HP: 21/21 MP: 2/9
   144 | D        | Noticed Sigmund
   147 | D        | Killed Sigmund
   148 | D        | Reached skill level 17 in Stealth
   148 | D        | Reached XP level 5. HP: 24/24 MP: 10/10
   160 | D        | Found an ornate altar of the Wu Jian Council.
   160 | D        | Found a shimmering blue altar of Sif Muna.
   162 | D        | Found a radiant altar of Vehumet.
   167 | D        | Reached skill level 18 in Stealth
   167 | D        | Reached XP level 6. HP: 28/28 MP: 11/11
   168 | D        | Found Yluck's Antique Weapon Emporium.
   168 | D        | Found an ancient bone altar of Kikubaaqudgha.
   168 | D        | Found a hazy altar of Hepliaklqana.
   168 | D        | Found a stormy altar of Qazlal.
   168 | D        | Found a hide-covered altar of Uskayaw.
   168 | D        | Found a blossoming altar of Fedhas.
   168 | D        | Found a bloodstained altar of Trog.
   168 | D        | Found an iron altar of Okawaru.
   168 | D        | Found a basalt altar of Yredelemnul.
   168 | D        | Found a glowing golden altar of the Shining One.
   168 | D        | Found a snail-covered altar of Cheibriados.
   168 | D        | Found a sacrificial altar of Ru.
   168 | D        | Found a glowing silver altar of Zin.
   168 | D        | Found a shadowy altar of Dithmenos.
   168 | D        | Found a white marble altar of Elyvilon.
   168 | D        | Noticed a yak
   169 | D        | Found an opulent altar of Gozag.
   170 | D        | Killed a yak
   171 | D        | Reached skill level 20 in Stealth
   171 | D        | Found a sparkling altar of Nemelex Xobeh.
   177 | D        | Became a worshipper of Dithmenos the Shadowed
   209 | D        | Found a viscous altar of Jiyva.
   209 | D        | Found a corrupted altar of Lugonu.
   209 | D        | Noticed a slime creature
   210 | D        | Found a burning altar of Makhleb.
   210 | D        | Found a shimmering altar of Xom.
   212 | D        | Killed a slime creature
   213 | D        | Reached skill level 21 in Stealth
   213 | D        | Reached XP level 7. HP: 32/32 MP: 12/12
   238 | D        | Noticed Sonja
   242 | D        | Killed Sonja
   243 | D        | Reached skill level 24 in Stealth
   243 | D        | Reached XP level 8. HP: 36/36 MP: 13/13
   252 | D        | Noticed a deep troll
   256 | D        | Killed a deep troll
   256 | D        | Reached * piety under Dithmenos
   257 | D        | Reached skill level 25 in Stealth
   316 | D        | Found Loizimy's Magic Scroll Boutique.
   324 | D        | Bought a scroll of magic mapping for 45 gold pieces
   324 | D        | Bought a scroll of fear for 45 gold pieces
   324 | D        | Bought a scroll of identify for 26 gold pieces
   326 | D        | Bought a scroll of identify for 26 gold pieces
   326 | D        | Bought a scroll of identify for 26 gold pieces
   426 | D        | Killed a gargoyle
   450 | D        | Found Quhiohet's Armour Emporium.
   497 | D        | Noticed a kobold demonologist
   498 | D        | Noticed a kobold demonologist
   501 | D        | Reached skill level 26 in Stealth
   502 | D        | Killed a kobold demonologist
   503 | D        | Reached XP level 9. HP: 39/39 MP: 14/14
   504 | D        | Killed a kobold demonologist
   504 | D        | Reached ** piety under Dithmenos
   505 | D        | Reached skill level 27 in Stealth
   537 | D        | Identified a scroll of acquirement
   542 | D        | Noticed a centaur warrior
   542 | D        | Noticed a centaur warrior
   544 | D        | Killed a centaur warrior
   545 | D        | Killed a centaur warrior
   555 | D        | Reached *** piety under Dithmenos
   566 | D        | Noticed an oklob plant
   568 | D        | Killed an oklob plant
   569 | D        | Reached XP level 10. HP: 44/44 MP: 15/15
   602 | D        | Reached **** piety under Dithmenos
   649 | D        | Reached ***** piety under Dithmenos
   670 | D        | Learned a level 3 spell: Confusing Touch
   674 | D        | Learned a level 3 spell: Dazzling Flash
   687 | D        | Reached skill level 15 in Short Blades
   741 | D        | Reached ****** piety under Dithmenos
   757 | D        | Found Tevaem's Jewellery Shoppe.
   757 | D        | Found Hoic's General Store.
   757 | D        | Found Ymaopaij's Jewellery Boutique.
   759 | D        | Found Raph's Weapon Emporium.
   759 | D        | Found Zusyemi's General Store.
   759 | D        | Found Qiathr Qokhle's Assorted Antiques.
   759 | D        | Found Raumnyalox's Jewellery Boutique.
   759 | D        | Found Putoe's Distillery.
   759 | D        | Found Yqotibob's Antique Weapon Shop.
   759 | D        | Found Rion's Antique Weapon Shoppe.
   760 | D        | Bought a +6 ring of dexterity for 643 gold pieces
   762 | D        | Bought a scroll of holy word for 82 gold pieces
   763 | D        | Acquired a +3 quick blade
   764 | D        | Found Toblesur's Antique Weapon Boutique.
   770 | D        | Found Dibbausm's Antique Weapon Emporium.
   770 | D        | Found Put Vace's Jewellery Boutique.
   771 | D        | Found Het Nitt's Armour Emporium.
   772 | D        | Bought a scroll of blinking for 187 gold pieces
   776 | D        | Bought a potion of resistance for 110 gold pieces
   859 | D        | Noticed a lindwurm
   861 | D        | Killed a lindwurm
  1148 | D        | Reached XP level 11. HP: 47/47 MP: 12/16
  1150 | D        | Reached skill level 5 in Hexes
  1865 | D        | Noticed a 12-headed hydra
  1866 | D        | HP: 2/47 [12-headed hydra (17)]
  1866 | D        | Demolished by a 12-headed hydra

Illustrated notes

Levels and vault maps discovered:
D:        dungeon_sprint_1 [red_sonja_temple_1, red_sonja_temple_small_1]

Skill      XL: |  1  2  3  4  5  6  7  8  9 10 11 |
---------------+----------------------------------+-----
Stealth        | 10 14 17 18 21 24 26 27 | 27.0
Short Blades   | 12 17 18 | 18.3
Hexes          | 4 6 |  6.9
Dodging        | |  2.6
Spellcasting   | |  2.6

Action                   |  1- 3 |  4- 6 |  7- 9 | 10-12 || total
-------------------------+-------+-------+-------+-------++-------
Melee: Dagger            |     6 |     4 |    10 |    48 ||    68
       Quick blade       |       |       |       |    76 ||    76
 Cast: Ensorcelled Hiber |     2 |       |       |       ||     2
       Confusing Touch   |       |       |       |     9 ||     9
       Dazzling Flash    |       |       |       |     8 ||     8
Invok: Shadow Step       |       |       |       |     1 ||     1
  Use: Potion            |     1 |       |       |       ||     1
       Scroll            |       |       |     4 |     1 ||     5
 Stab: Sleeping          |     2 |     4 |     9 |    19 ||    34
       Confused          |       |       |       |     8 ||     8
       Distracted        |       |       |       |     3 ||     3
       Invisible         |       |       |       |     4 ||     4
Armor: Robe              |       |       |       |     1 ||     1
Dodge: Dodged            |     5 |       |       |    48 ||    53
